 Dungeon Sprint DCSS version 0.29.1-12-g30fa7ad0bf (webtiles) character file.

Game seed: 9138789715040816865

22239 boopmooplesden the Minotaur Blade (level 12, -7/139 HPs)
             Began as a Minotaur Berserker on Dec 13, 2022.
             Was the Champion of Trog.
             Mangled by a deep troll shaman (15 damage)
             ... in the Dungeon (Sprint IX: "|||||||||||||||||||||||||||||").
             The game lasted 00:05:58 (2924 turns).

boopmooplesden the Minotaur Blade (MiBe)            Turns: 2924, Time: 00:05:59

Health: -7/139     AC: 29    Str: 27    XL:     12   Next: 61%
Magic:  21/21      EV:  9    Int:  9    God:    Trog [******]
Gold:   571        SH: 14    Dex: 15    Spells: 11/11 levels left

rFire   . . .      SeeInvis .   y - +11 double sword "Veafurph" {vorpal, Dex+2 Stlth+}
rCold   + . .      Faith    .   L - +1 tower shield
rNeg    + . .      Spirit   .   J - +8 chain mail "Mezxem" {rC+ rN+ Regen+}
rPois   .          Reflect  .   F - +3 hat of Pondering {ponderous, Will+ MP+10 Int+5}
rElec   .          Harm     .   C - scarf {shadows}
rCorr   .          Rampage  .   (no gloves)
Will    +....      NoTele   +   K - +1 pair of boots
Stlth   ..........              (no amulet)
HPRegen 1.13/turn               n - +3 ring of strength
MPRegen 0.17/turn               o - +2 ring of protection

@: on berserk cooldown, slowed, very slow
A: horns 2, retaliatory headbutt
a: Renounce Religion, Berserk, Trog's Hand, Brothers in Arms


You were in the Dungeon.
You worshipped Trog.
Trog was exalted by your worship.
You visited 1 branch You collected 1879 gold pieces.
You spent 1308 gold pieces at shops.

Inventory:

Hand Weapons
 a - a +0 falchion
 k - a +4 scimitar of holy wrath
 p - a +2 antimagic bardiche
 t - a +4 antimagic great sword
 u - a +3 vorpal triple sword
 y - the +11 double sword "Veafurph" (weapon) {vorpal, Dex+2 Stlth+}
   (Trog gifted it to you in the Dungeon)

   It inflicts extra damage upon your enemies.
   Dex:       It affects your dexterity (+2).
   Stlth:     It makes you more stealthy.
 z - the +11 great mace of Unebyf {vorpal, *Noise rPois rCorr Str+7}
   (Trog gifted it to you in the Dungeon)

   It inflicts extra damage upon your enemies.
   Str:       It affects your strength (+7).
   rPois:     It protects you from poison.
   *Noise:    It may make noises in combat.
   rCorr:     It protects you from acid and corrosion.
 A - a +3 demon blade
 B - the +11 scimitar of a bazaar {flame, Str+2 Int-4 Dex+4}
   (You bought it in a shop in the Dungeon)

   It burns those it strikes, dealing additional fire damage.
   Big, fiery blades are also staple armaments of hydra-hunters.
   Str:       It affects your strength (+2).
   Int:       It affects your intelligence (-4).
   Dex:       It affects your dexterity (+4).
Armour
 b - a +0 animal skin
 l - a +0 pair of boots
 m - a +4 plate armour
 x - a +0 cloak
 C - a scarf of shadows (worn)
 D - a +2 plate armour of poison resistance
 F - the +3 hat of Pondering (worn) {ponderous, Will+ MP+10 Int+5}
   (You took it off Gastronok in the Dungeon)

   Int:       It affects your intelligence (+5).
   MP:        It affects your magic capacity (+10).
   Will:      It increases your willpower.
 J - the +8 chain mail "Mezxem" (worn) {rC+ rN+ Regen+}
   (You found it in the Dungeon)

   rC:        It protects you from cold.
   rN:        It protects you from negative energy.
   Regen:     It increases your rate of health regeneration.
 K - a +1 pair of boots (worn)
 L - a +1 tower shield (worn)
Jewellery
 n - a +3 ring of strength (left hand)
 o - a +2 ring of protection (right hand)
 r - a ring of poison resistance
 G - a ring of see invisible
 H - a ring of protection from cold
 I - a ring of fire
Wands
 j - a wand of light (10)
Scrolls
 h - 2 scrolls of blinking
 s - a scroll of fear
 v - a scroll of identify
 M - 3 scrolls of butterflies
 N - 2 scrolls of enchant weapon
Potions
 c - 9 potions of curing
 d - 8 potions of heal wounds
 e - a potion of haste
 f - 4 potions of magic
 g - a potion of berserk rage
 i - a potion of invisibility
 q - 4 potions of might
 w - 2 potions of cancellation
 E - a potion of resistance {unknown}


   Skills:
 + Level 22.3 Fighting
 + Level 25.0 Long Blades
 + Level 16.9 Armour
 + Level 9.4 Dodging
 + Level 2.0 Stealth
 + Level 3.2 Shields


You had 11 spell levels left.
You didn't know any spells.
Your spell library was empty.

Dungeon Overview and Level Annotations

Branches:
Dungeon (1/1)

Altars:
Cheibriados
Dithmenos
Elyvilon
Fedhas
Gozag
Hepliaklqana
Kikubaaqudgha
Makhleb
Nemelex Xobeh
Okawaru
Qazlal
Ru
Sif Muna
Trog
Uskayaw
Vehumet
Wu Jian
Xom
Yredelemnul
Zin
The Shining One
Jiyva
Lugonu

Shops:
D !!([


Innate Abilities, Weirdness & Mutations

You have a pair of horns on your head.
You reflexively headbutt those who attack you in melee.


Message History

You block the ice dragon's attack. x2
The ice dragon tramples you but does no damage.
The deep troll shaman calls upon its god to speed up the deep troll shaman.
The deep troll shaman seems to speed up.
The ice dragon bites you but does no damage.
The ice dragon claws you. The ice dragon barely misses you.
You hit the ice dragon.
You headbutt the ice dragon, but do no damage.
The ice dragon is heavily wounded.
The ice dragon breathes frost at you. The blast of cold misses you.
You hear a deafening roar!
You slash the ice dragon! Your headbutt misses the ice dragon.
The ice dragon is severely wounded.
An ice dragon comes into view.
The ice dragon closely misses you. x2
The ice dragon tramples you but does no damage.
You block the ice dragon's attack. x2
The ice dragon tramples you but does no damage.
You slice the ice dragon!!
You kill the ice dragon!
Trog accepts your kill. The deep troll shaman bites you!
You block the deep troll shaman's attack.
The deep troll shaman claws you but does no damage.
You block the deep troll shaman's attack.
The deep troll shaman closely misses you.
You block the deep troll shaman's attack.
Your Long Blades skill increases to level 25!
Your Shields skill increases to level 3!
Your cyclops goes berserk!
The deep troll shaman bites you!!
The deep troll shaman claws you but does no damage.
You block the deep troll shaman's attack.
The deep troll shaman bites you!!
* * * LOW HITPOINT WARNING * * *
The deep troll shaman claws you!!
* * * LOW HITPOINT WARNING * * *
The deep troll shaman claws you!
You die...

)÷÷÷.......'.÷.÷.....!..'..[[.[..
▓▓▓▓▓▓▓▓▓▓▓▓▓▓▓▓▓▓▓▓▓▓▓▓▓▓▓▓▓▓▓▓▓
.................................
▓▓▓▓▓▓▓▓▓▓▓▓▓▓▓▓▓▓▓▓▓▓▓▓▓▓▓▓▓▓▓▓▓
))))).....)).)))∩)∩)∩.∩.....'....
▓▓▓▓▓▓▓▓▓▓▓▓▓▓▓▓▓▓▓▓▓▓▓▓▓▓▓▓▓▓▓▓▓
..............†..................
▓▓▓▓▓▓▓▓▓▓▓▓▓▓▓▓▓▓▓▓▓▓▓▓▓▓▓▓▓▓▓▓▓
[..........))))C@TTVD..
▓▓▓▓▓▓▓▓▓▓▓▓▓▓▓▓▓▓▓▓▓▓▓


You could see an ice dragon, a vampire mage, 2 deep troll shamans and a friendly
cyclops (summoned, berserk).

Vanquished Creatures
  A lich (D)
  Gastronok (D)
  A very ugly thing (D)
  Harold (D)
  An ice dragon (D)
  A hydra (D)
  A catoblepas (D)
  4 centaur warriors (D)
  A tengu warrior (D)
  3 lindwurms (D)
  2 deep elf pyromancers (D)
  An orc knight (D)
  An ugly thing (D)
  A cyclops (D)
  7 orc sorcerers (D)
  An elephant (D)
  4 cane toads (D)
  A kobold demonologist (D)
  A komodo dragon (shapeshifter) (D)
  A tengu conjurer (D)
  2 komodo dragons (D)
  A troll (D)
  2 tyrant leeches (D)
  2 wyverns (D)
  A shadow (D)
  A wraith (D)
  A human (shapeshifter) (D)
  A basilisk (D)
  A basilisk (shapeshifter) (D)
  5 yaks (D)
  A water moccasin (D)
  11 orc warriors (D)
  A centaur (D)
  A bullfrog (D)
  A scorpion (D)
  2 necrophages (D)
  A killer bee (D)
  3 orc priests (D)
  12 orc wizards (D)
  An adder (D)
  3 worms (D)
  3 orcs (D)
  An endoplasm (D)
  A giant cockroach (D)
  A goblin (D)
  A quokka (D)
  A frilled lizard (D)
97 creatures vanquished.

Vanquished Creatures (collateral kills)
  2 orc sorcerers (D)
2 creatures vanquished.

Grand Total: 99 creatures vanquished

Notes
Turn   | Place    | Note
-------+----------+-------------------------------------------
     0 | D        | boopmooplesden the Minotaur Berserker began the quest for
                  | the Orb.
     0 | D        | Reached XP level 1. HP: 19/19 MP: 0/0
     8 | D        | Reached skill level 4 in Long Blades
    11 | D        | Reached ** piety under Trog
    21 | D        | Noticed a scorpion
    21 | D        | Noticed a necrophage
    21 | D        | Noticed a necrophage
    31 | D        | Killed a scorpion
    32 | D        | Reached skill level 7 in Long Blades
    32 | D        | Reached XP level 2. HP: 14/31 MP: 1/1
    32 | D        | Reached XP level 3. HP: 17/38 MP: 2/2
    32 | D        | Reached *** piety under Trog
    33 | D        | Reached XP level 4. HP: 20/45 MP: 3/3
    42 | D        | Killed a necrophage
    43 | D        | Reached skill level 8 in Long Blades
    43 | D        | Reached XP level 5. HP: 7/53 MP: 4/4
    45 | D        | HP: 2/79 [necrophage (4)]
    47 | D        | Reached skill level 9 in Long Blades
    87 | D        | Found a snail-covered altar of Cheibriados.
    87 | D        | Found a shadowy altar of Dithmenos.
    87 | D        | Found a white marble altar of Elyvilon.
    87 | D        | Found a blossoming altar of Fedhas.
    87 | D        | Found an opulent altar of Gozag.
    88 | D        | Found a hazy altar of Hepliaklqana.
    89 | D        | Found a viscous altar of Jiyva.
    90 | D        | Found an ancient bone altar of Kikubaaqudgha.
    91 | D        | Found a corrupted altar of Lugonu.
    92 | D        | Found a burning altar of Makhleb.
    93 | D        | Found a sparkling altar of Nemelex Xobeh.
    94 | D        | Found an iron altar of Okawaru.
    95 | D        | Found a stormy altar of Qazlal.
    96 | D        | Found a sacrificial altar of Ru.
    97 | D        | Found a shimmering blue altar of Sif Muna.
    98 | D        | Found a bloodstained altar of Trog.
    99 | D        | Found a hide-covered altar of Uskayaw.
   100 | D        | Found a radiant altar of Vehumet.
   101 | D        | Found an ornate altar of the Wu Jian Council.
   102 | D        | Found a shimmering altar of Xom.
   103 | D        | Found a basalt altar of Yredelemnul.
   104 | D        | Found a glowing silver altar of Zin.
   105 | D        | Found a glowing golden altar of the Shining One.
   520 | D        | Noticed a shadow
   520 | D        | Noticed a troll
   520 | D        | Noticed a centaur
   520 | D        | Noticed a wraith
   520 | D        | Noticed a yak
   522 | D        | Killed a shadow
   522 | D        | Reached **** piety under Trog
   523 | D        | Reached skill level 10 in Fighting
   523 | D        | Reached skill level 11 in Long Blades
   523 | D        | Reached skill level 5 in Armour
   523 | D        | Reached skill level 5 in Dodging
   523 | D        | Reached XP level 6. HP: 67/67 MP: 5/5
   525 | D        | Killed a troll
   526 | D        | Reached skill level 12 in Long Blades
   526 | D        | Reached XP level 7. HP: 74/74 MP: 6/6
   529 | D        | Killed a wraith
   530 | D        | Reached skill level 13 in Long Blades
   533 | D        | Killed a yak
   538 | D        | Reached ***** piety under Trog
   689 | D        | Noticed a green ugly thing
   689 | D        | Noticed a deep elf pyromancer
   689 | D        | Noticed a kobold demonologist
   689 | D        | Noticed a cyclops
   689 | D        | Noticed a troll
   689 | D        | Noticed a deep elf pyromancer
   691 | D        | Noticed a fire elemental
   696 | D        | Killed a green ugly thing
   697 | D        | Reached skill level 14 in Long Blades
   697 | D        | Reached XP level 8. HP: 86/86 MP: 7/7
   700 | D        | Killed a deep elf pyromancer
   701 | D        | Reached skill level 15 in Long Blades
   702 | D        | Killed a kobold demonologist
   702 | D        | Received a gift from Trog
   703 | D        | Reached skill level 16 in Long Blades
   703 | D        | Reached XP level 9. HP: 96/96 MP: 8/8
   706 | D        | Noticed a komodo dragon
   706 | D        | a troll changed into a komodo dragon
   708 | D        | Killed a cyclops
   711 | D        | Killed a komodo dragon
   712 | D        | Reached skill level 15 in Fighting
   712 | D        | Reached skill level 17 in Long Blades
   720 | D        | Killed a deep elf pyromancer
   721 | D        | Reached skill level 10 in Armour
   867 | D        | Noticed a cane toad
   867 | D        | Noticed a cane toad
   867 | D        | Noticed an eight-headed hydra
   871 | D        | Received a gift from Trog
   872 | D        | Noticed a catoblepas
   875 | D        | Reached skill level 18 in Long Blades
   877 | D        | Killed a cane toad
   884 | D        | Killed a 14-headed hydra
   885 | D        | Reached XP level 10. HP: 75/108 MP: 9/9
   887 | D        | Killed a cane toad
   888 | D        | Reached skill level 19 in Long Blades
   892 | D        | Killed a catoblepas
  1136 | D        | Noticed an elephant
  1139 | D        | Received a gift from Trog
  1142 | D        | Noticed a cane toad
  1146 | D        | Noticed a cane toad
  1151 | D        | Reached skill level 20 in Long Blades
  1155 | D        | Killed an elephant
  1172 | D        | Killed a cane toad
  1178 | D        | Killed a cane toad
  1178 | D        | Reached ****** piety under Trog
  1483 | D        | Noticed a lindwurm
  1486 | D        | Noticed a lindwurm
  1489 | D        | Received a gift from Trog
  1495 | D        | Reached XP level 11. HP: 119/119 MP: 3/10
  1500 | D        | Killed a lindwurm
  1501 | D        | Reached skill level 21 in Long Blades
  1503 | D        | Noticed a lindwurm
  1510 | D        | Killed a lindwurm
  1514 | D        | Killed a lindwurm
  1852 | D        | Noticed Harold
  1861 | D        | Killed Harold
  1861 | D        | Received a gift from Trog
  1905 | D        | Received a gift from Trog
  1919 | D        | Received a gift from Trog
  2048 | D        | Noticed an orc knight
  2055 | D        | Killed an orc knight
  2055 | D        | Identified the +11 great mace of Unebyf {vorpal, *Noise
                  | rPois rCorr Str+7} (Trog gifted it to you in the Dungeon)
  2055 | D        | Received a gift from Trog
  2059 | D        | Reached skill level 22 in Long Blades
  2084 | D        | Identified the +11 double sword "Veafurph" {vorpal, Dex+2
                  | Stlth+} (Trog gifted it to you in the Dungeon)
  2084 | D        | Received a gift from Trog
  2333 | D        | Found Dinuemm's Distillery.
  2333 | D        | Noticed an orc sorcerer
  2333 | D        | Noticed an orc sorcerer
  2333 | D        | Noticed an orc sorcerer
  2333 | D        | Noticed an orc sorcerer
  2336 | D        | Killed an orc sorcerer
  2337 | D        | Killed an orc sorcerer
  2339 | D        | Killed an orc sorcerer
  2340 | D        | Found Viroux's Distillery.
  2342 | D        | Killed an orc sorcerer
  2342 | D        | Received a gift from Trog
  2343 | D        | Reached skill level 15 in Armour
  2344 | D        | Found Xydgheogir's Antique Weapon Emporium.
  2344 | D        | Noticed an orc sorcerer
  2348 | D        | Found Koevirebb's Antique Armour Shoppe.
  2351 | D        | Noticed an orc sorcerer
  2353 | D        | Noticed an orc sorcerer
  2354 | D        | Killed an orc sorcerer
  2357 | D        | Received a gift from Trog
  2357 | D        | Noticed an orc sorcerer
  2358 | D        | Noticed an orc sorcerer
  2360 | D        | Killed an orc sorcerer
  2361 | D        | Reached skill level 23 in Long Blades
  2365 | D        | Killed an orc sorcerer
  2368 | D        | Killed an orc sorcerer
  2368 | D        | Received a gift from Trog
  2369 | D        | Killed an orc sorcerer
  2390 | D        | Bought a masterwork scimitar for 288 gold pieces
  2390 | D        | Identified the +11 scimitar of a bazaar {flame, Str+2 Int-4
                  | Dex+4} (You bought it in a shop in the Dungeon)
  2392 | D        | Bought an embroidered scarf for 240 gold pieces
  2392 | D        | Bought a runed plate armour for 780 gold pieces
  2722 | D        | Noticed Gastronok
  2732 | D        | Killed Gastronok
  2733 | D        | Reached XP level 12. HP: 136/136 MP: 11/11
  2817 | D        | Got the +8 chain mail "Mezxem" {rC+ rN+ Regen+}
  2873 | D        | Noticed a centaur warrior
  2873 | D        | Noticed a centaur warrior
  2873 | D        | Noticed a centaur warrior
  2882 | D        | Killed a centaur warrior
  2883 | D        | Reached skill level 1 in Stealth
  2884 | D        | Noticed a centaur warrior
  2889 | D        | Noticed a tengu warrior
  2890 | D        | Noticed a white very ugly thing
  2891 | D        | Killed a centaur warrior
  2891 | D        | Received a gift from Trog
  2892 | D        | Reached skill level 24 in Long Blades
  2894 | D        | Killed a centaur warrior
  2897 | D        | Noticed an ice dragon
  2902 | D        | Noticed a lich
  2905 | D        | Killed a white very ugly thing
  2906 | D        | Reached skill level 1 in Shields
  2906 | D        | Noticed a deep troll shaman
  2907 | D        | Noticed a deep troll shaman
  2909 | D        | Killed a centaur warrior
  2911 | D        | Noticed a vampire mage
  2913 | D        | Killed a lich
  2913 | D        | Received a gift from Trog
  2917 | D        | Killed a tengu warrior
  2922 | D        | Noticed an ice dragon
  2923 | D        | Killed an ice dragon
  2924 | D        | Reached skill level 25 in Long Blades
  2924 | D        | Mangled by a deep troll shaman

Illustrated notes

Levels and vault maps discovered:
D:        linesprint [early_d, line_temple, items_1, d_10, items_2, lair_1,
          lair_end, items_3, orc_1, orc_end, items_4, d_15, swamp_1, shoals_1,
          snake_1, spider_1, d_20, vaults_1, items_5, swamp_end, shoals_end,
          snake_end, spider_end, vaults_end, d_27, items_6, zot_1, zot_end,
          crypt_end, forest_end, elf_end, slime_end, tomb_end, abyss_end,
          pan_hell_end]

Skill      XL: |  1  2  3  4  5  6  7  8  9 10 11 12 |
---------------+-------------------------------------+-----
Fighting       | 6 8 10 11 13 14 16 18 21 22 | 22.3
Long Blades    | 7 8 11 12 14 16 18 20 23 25 | 25.0
Armour         | 3 4 5 6 8 9 10 13 15 16 | 16.9
Dodging        | 3 4 5 6 7 8 9 |  9.4
Stealth        | 2 |  2.0
Shields        | 3 |  3.2

Action                   |  1- 3 |  4- 6 |  7- 9 | 10-12 || total
-------------------------+-------+-------+-------+-------++-------
Melee: Falchion          |    20 |    13 |       |       ||    33
       Headbutt          |     2 |     6 |    10 |    51 ||    69
       Scimitar          |       |     4 |    49 |    17 ||    70
       Punch             |       |       |     2 |     1 ||     3
       Great sword       |       |       |       |    64 ||    64
       Triple sword      |       |       |       |    56 ||    56
       Double sword      |       |       |       |    65 ||    65
Invok: Berserk           |     1 |     1 |     2 |     5 ||     9
       Brothers in Arms  |       |       |       |     2 ||     2
       Trog's Hand       |       |       |       |     1 ||     1
  Use: Scroll            |       |       |     6 |       ||     6
       Potion            |       |       |       |     3 ||     3
Armor: Animal skin       |     1 |       |       |       ||     1
       Plate armour      |       |     3 |    21 |    59 ||    83
       Chain mail        |       |       |       |    42 ||    42
Dodge: Dodged            |    11 |     6 |    13 |    67 ||    97
Block: Tower shield      |       |       |       |    22 ||    22
